 Dungeon Sprint DCSS version 0.22.1-1-ga44c0e56f4 (webtiles) character file.

72 MuseOD the Sneak (level 4, -2/22 (24) HPs)
             Began as a Spriggan Enchanter on Sept 28, 2018.
             Slain by a necrophage (7 damage)
             ... in the Dungeon (Sprint III: "The Ten Rune Challenge").
             The game lasted 00:02:04 (468 turns).

MuseOD the Sneak (Spriggan Enchanter)                Turns: 468, Time: 00:02:04

HP:   -2/22 (24)    AC:  4    Str:  4    XL:     4   Next: 6%
MP:   9/9           EV: 18    Int: 17    God:
Gold: 26            SH:  0    Dex: 16    Spells: 5/8 levels left

rFire    . . .     SeeInvis +   a - +1 dagger
rCold    . . .     Gourm    .   (shield restricted)
rNeg     . . .     Faith    .   b - +0 robe
rPois    .         Spirit   .   (helmet restricted)
rElec    .         Reflect  .   i - +1 cloak
rCorr    .         Harm     .   (gloves unavailable)
MR       .....     NoTele   +   (boots unavailable)
Stlth    ++++......             (no amulet)
HPRegen  0.00/turn              (no ring)
MPRegen  0.11/turn              (no ring)

@: non-regenerating, badly diseased, very quick
A: very small, unfitting armour, see invisible, herbivore, speed 3, slow
metabolism 2
a: no special abilities


You were in the Dungeon.
You were not hungry.

You visited 1 branch You collected 26 gold pieces.

Inventory:

Hand Weapons
 a - a +1 dagger (weapon)
Armour
 b - a +0 robe (worn)
 i - a +1 cloak (worn)
Wands
 r - a wand of flame (13)
Scrolls
 c - 3 scrolls of identify {unknown}
 j - a scroll of blinking
 m - a scroll of immolation {unknown}
 n - 2 scrolls of remove curse
 o - a scroll of holy word {unknown}
 p - a scroll of fog {unknown}
Potions
 e - a potion of curing
 f - a potion of heal wounds
 g - a potion of haste
 h - 2 potions of magic
 k - 5 potions of flight
 l - 4 potions of mutation {unknown}
 q - a potion of ambrosia {unknown}
Comestibles
 d - 3 rations


   Skills:
 + Level 3.0 Fighting
 * Level 6.1 Short Blades
 - Level 3.0 Dodging
 + Level 7.6 Stealth
 - Level 2.6 Spellcasting
 - Level 3.6 Hexes


You had 5 spell levels left.
You knew the following spells:

 Your Spells              Type           Power        Failure   Level  Hunger
a - Corona                Hex            ##.....      4%          1    #......
b - Ensorcelled Hibernat  Hex/Ice        #.....       13%         2    ##.....

Your spell library contained the following spells:

 Spells                   Type           Power        Failure   Level  Hunger
 Confuse                  Hex            ##......     12%         3    ###....
 Tukima's Dance           Hex            ##......     12%         3    ###....
 Dazzling Spray           Conj/Hex       #.....       26%         3    ###....


Dungeon Overview and Level Annotations

Branches:
Dungeon (1/1)

Altars:
Dithmenos
Ru
Yredelemnul


Innate Abilities, Weirdness & Mutations

You are very small and have problems with some larger weapons.
You are too small for most types of armour.
You have supernaturally acute eyesight. (SInv)
You are a herbivore.
You cover ground extremely quickly.
You need to consume almost no food.


Message History

The water elemental barely misses you. The necrophage hits you.
* * * LOW HITPOINT WARNING * * *
You feel ill.
You feel your flesh rotting away!
Evoke which item? (* to show all) (? for menu, Esc to quit)
Aiming: Throw Flame
Press: ? - help, Shift-Dir - straight line, f/p - water elemental
Aim: a water elemental (severely damaged)
The puff of flame hits the water elemental.
The water elemental appears unharmed.
The water elemental is severely damaged.
The water elemental misses you. The necrophage misses you.
Evoke which item? (* to show all) (? for menu, Esc to quit)
Aiming: Throw Flame
Press: ? - help, Shift-Dir - straight line, f/p - water elemental
Aim: a water elemental (severely damaged)
The puff of flame hits the water elemental.
The water elemental is burned terribly!
The water elemental is almost destroyed.
The water elemental closely misses you. The necrophage hits you!
You die...

▓▓ ▓▓▓ .♣ ♣.# ####
♣♣ ♣.# #@_# .♣♣
♣♣.# #nE#
≈.♣♣♣..###+#+###'##
≈..♣.♣.#.....n....#
≈≈..♣..'.⌠..E.....#
≈≈≈≈.♣.#...######+#
≈≈≈....#.⌠.#
≈≈.....#...#
.......#+###


You could see a water elemental and a necrophage.

Vanquished Creatures
  Crazy Yiuf (D)
  A necromancer (D)
  A human (D)
  4 rats (D)
7 creatures vanquished.

Vanquished Creatures (others)
  2 draconian scorchers (D)
  6 hellions (D)
  A yaktaur (D)
  A plant (D)
10 creatures vanquished.

Grand Total: 17 creatures vanquished

Notes
Turn   | Place    | Note
-------+----------+-------------------------------------------
     0 | D        | MuseOD the Spriggan Enchanter began the quest for the Orb.
     0 | D        | Reached XP level 1. HP: 9/9 MP: 5/5
    62 | D        | Killed a yaktaur
    88 | D        | Killed a hellion
    88 | D        | Killed a hellion
    98 | D        | Killed a hellion
   100 | D        | Killed a hellion
   101 | D        | Killed a hellion
   127 | D        | Killed a hellion
   152 | D        | Reached skill level 1 in Fighting
   152 | D        | Reached skill level 6 in Stealth
   152 | D        | Reached XP level 2. HP: 6/15 MP: 6/6
   155 | D        | Killed a white draconian scorcher
   160 | D        | Learned a level 2 spell: Ensorcelled Hibernation
   214 | D        | Killed a white draconian scorcher
   339 | D        | Noticed Crazy Yiuf
   346 | D        | Killed Crazy Yiuf
   346 | D        | Reached skill level 5 in Short Blades
   346 | D        | Reached skill level 7 in Stealth
   346 | D        | Reached XP level 3. HP: 18/19 MP: 2/8
   407 | D        | Noticed a water elemental
   433 | D        | Found a basalt altar of Yredelemnul.
   433 | D        | Found a shadowy altar of Dithmenos.
   433 | D        | Found a sacrificial altar of Ru.
   433 | D        | Noticed a necrophage
   433 | D        | Noticed a necromancer
   456 | D        | Killed a necromancer
   456 | D        | Reached XP level 4. HP: 15/23 MP: 9/9
   468 | D        | Slain by a necrophage

Skill      XL: |  1  2  3 |
---------------+----------+-----
Short Blades   | 4 5 6 |  6.1
Fighting       | 1 2 3 |  3.0
Stealth        | 6 7 |  7.6
Dodging        | |  3.0
Spellcasting   | |  2.6
Hexes          | |  3.6

Action                   |  1- 3 |  4- 6 || total
-------------------------+-------+-------++-------
Melee: Dagger            |    15 |       ||    15
 Cast: Ensorcelled Hiber |     2 |       ||     2
Evoke: Wand              |       |     7 ||     7
  Use: Potion            |     1 |       ||     1
 Stab: Sleeping          |     4 |       ||     4
Armor: Robe              |     1 |     1 ||     2
Dodge: Dodged            |    13 |     6 ||    19
